 Dungeon Crawl Stone Soup version 0.23.0 (webtiles) character file.

Game seed: 4056014861223908316

250 dengdeng the Chopper (level 5, -9/48 HPs)
             Began as a Minotaur Berserker on Feb 14, 2019.
             Was a Believer of Trog.
             Killed by nerve-wracking pain
             ... invoked by an orc priest
              (13 damage)
             ... on level 3 of the Dungeon.
             The game lasted 00:05:18 (2036 turns).

dengdeng the Chopper (Minotaur Berserker)           Turns: 2036, Time: 00:05:19

Health: -9/48      AC:  5    Str: 22    XL:     5   Next: 88%
Magic:  4/4        EV:  7    Int:  4    God:    Trog [**....]
Gold:   62         SH:  0    Dex: 10    Spells: 4/4 levels left

rFire    . . .     SeeInvis .   a - +0 hand axe
rCold    . . .     Gourm    .   o - +0 large shield
rNeg     . . .     Faith    .   i - +0 ring mail
rPois    .         Spirit   .   (helmet restricted)
rElec    .         Reflect  .   (no cloak)
rCorr    .         Harm     .   (no gloves)
MR       .....                  (no boots)
Stlth    ..........             (no amulet)
HPRegen  0.16/turn              (no ring)
MPRegen  0.09/turn              (no ring)

@: confused
A: retaliatory headbutt, horns 2
a: Berserk, Trog's Hand, Renounce Religion


You were on level 3 of the Dungeon.
You worshipped Trog.
Trog was pleased with you.
You were hungry.

You visited 1 branch of the dungeon, and saw 3 of its levels.

You collected 62 gold pieces.

Inventory:

Hand Weapons
 a - a +0 hand axe (weapon)
Missiles
 h - 108 stones (quivered)
Armour
 i - a +0 ring mail (worn)
 o - a +0 large shield (worn)
Jewellery
 g - an uncursed amulet of faith {unknown}
 p - a cursed ring of teleportation {unknown}
Scrolls
 b - a scroll of fear {unknown}
 j - 4 scrolls of identify {unknown}
 l - a scroll of magic mapping {unknown}
 m - a scroll of fog {unknown}
 n - a scroll of random uselessness {unknown}
Potions
 d - 2 potions of lignification {unknown}
 e - a potion of mutation {unknown}
 f - a potion of invisibility {unknown}
 k - a potion of might {unknown}
Comestibles
 c - 7 rations


   Skills:
 + Level 5.0 Fighting
 + Level 5.6 Axes
 + Level 3.8 Armour
 + Level 3.0 Dodging
 + Level 0.5 Stealth
 + Level 1.5 Shields


You had 4 spell levels left.
You didn't know any spells.
Your spell library was empty.

Dungeon Overview and Level Annotations

Branches:
Dungeon (3/15)

Altars:
Wu Jian


Innate Abilities, Weirdness & Mutations

You reflexively headbutt those who attack you in melee.
You have a pair of horns on your head.


Message History

The orc priest hits you with a +0 dagger.
Something hits you but does no damage.
Unknown command.
You miss the orc priest.
The orc priest is severely wounded.
You closely miss something. The orc priest barely misses you.
Something hits you but does no damage.
You miss the orc priest.
The orc priest is severely wounded.
You completely miss something.
The orc priest calls down the wrath of Beogh upon you.
Pain shoots through your body!
* * * LOW HITPOINT WARNING * * *
Something hits you but does no damage.
You hit the orc priest but do no damage.
The orc priest is severely wounded.
You miss something.
The orc priest mumbles some strange prayers to Beogh against you.
Pain shoots through your body!
You die...

.##.#
#.########
..#.#
#.##.....#
#.#.##
#.##.....#
......
#....)...#
#.##..
####.....#
.......
#)....#
..##...
#)....#
### .
#..o.##
#.#@##
#.### .
#.# .# #.#
. #.# #.
#.# ..


You could see an orc priest.

Vanquished Creatures
  Sigmund (D:3)
  Robin (D:2)
  2 adders (D:2)
  A dart slug (D:2)
  A leopard gecko (D:1)
  2 orcs (D:3)
  5 bats
  2 giant cockroaches (D:2)
  16 goblins
  7 hobgoblins
  4 jackals
  A quokka (D:3)
  A ball python (D:1)
  4 frilled lizards (D:1)
  3 kobolds
  6 rats
57 creatures vanquished.

Notes
Turn   | Place    | Note
-------+----------+-------------------------------------------
     0 | D:1      | dengdeng the Minotaur Berserker began the quest for the
                  | Orb.
     0 | D:1      | Reached XP level 1. HP: 19/19 MP: 0/0
   346 | D:1      | Reached XP level 2. HP: 27/27 MP: 1/1
   955 | D:2      | Reached XP level 3. HP: 34/34 MP: 2/2
   964 | D:2      | Noticed Robin
   974 | D:2      | Reached ** piety under Trog
   982 | D:2      | Killed Robin
  1006 | D:2      | Reached XP level 4. HP: 31/41 MP: 3/3
  1244 | D:2      | Found an ornate altar of the Wu Jian Council.
  1703 | D:3      | Noticed Sigmund
  1720 | D:3      | Killed Sigmund
  1720 | D:3      | Reached skill level 5 in Axes
  1720 | D:3      | Reached skill level 1 in Shields
  1720 | D:3      | Reached XP level 5. HP: 8/47 MP: 4/4
  2023 | D:3      | Reached skill level 5 in Fighting
  2036 | D:3      | Killed from afar by an orc priest

Skill      XL: |  1  2  3  4  5 |
---------------+----------------+-----
Axes           | 4 5 |  5.6
Fighting       | 4 5 |  5.0
Armour         | 3 |  3.8
Dodging        | 3 |  3.0
Shields        | 1 |  1.5
Stealth        | |  0.5

Action                   |  1- 3 |  4- 6 || total
-------------------------+-------+-------++-------
Melee: Hand axe          |    66 |    70 ||   136
       Headbutt          |     6 |     8 ||    14
Throw: Stone             |    10 |       ||    10
Invok: Berserk           |     1 |     1 ||     2
  Eat: Chunk             |       |     5 ||     5
Armor: Ring mail         |    32 |    22 ||    54
Dodge: Dodged            |    39 |    17 ||    56
Block: Large shield      |       |    30 ||    30
